 Dungeon Crawl Stone Soup version 0.26.1-11-gd32895ea62 (webtiles) character file.

Game seed: 1979056339483394913

854 Zeld the Cleaver (level 7, 0/85 HPs)
             Began as a Minotaur Berserker on May 23, 2021.
             Was a Believer of Trog.
             Slain by a gnoll
             ... wielding a +0 falchion
              (10 damage)
             ... on level 4 of the Dungeon.
             The game lasted 00:03:50 (6602 turns).

Zeld the Cleaver (Minotaur Berserker)               Turns: 6602, Time: 00:03:51

Health: 0/85       AC:  0    Str: 23    XL:     7   Next: 70%
Magic:  6/6        EV: 12    Int:  4    God:    Trog [**....]
Gold:   154        SH:  0    Dex: 10    Spells: 6/6 levels left

rFire    . . .     SeeInvis .   a - +0 hand axe
rCold    . . .     Faith    .   (no shield)
rNeg     . . .     Spirit   .   (no armour)
rPois    .         Reflect  .   (helmet restricted)
rElec    .         Harm     .   (no cloak)
rCorr    .         Rampage  .   (no gloves)
Will     .....                  (no boots)
Stlth    ..........             (no amulet)
HPRegen  0.24/turn              (no ring)
MPRegen  0.10/turn              (no ring)

@: berserking, very quick
A: retaliatory headbutt, horns 2
a: Renounce Religion, Berserk, Trog's Hand


You were on level 4 of the Dungeon.
You worshipped Trog.
Trog was pleased with you.
You visited 1 branch of the dungeon, and saw 4 of its levels.

You collected 154 gold pieces.

Inventory:

Hand Weapons
 a - a +0 hand axe (weapon)
Jewellery
 m - an uncursed ring of protection from fire {unknown}
 r - an uncursed ring of poison resistance {unknown}
Scrolls
 c - 3 scrolls of magic mapping {unknown}
 e - 3 scrolls of identify {unknown}
 f - a scroll of noise {unknown}
 h - a scroll of immolation {unknown}
 i - a scroll of enchant armour {unknown}
 k - a scroll of remove curse {unknown}
 l - 2 scrolls of blinking {unknown}
 p - 3 scrolls of teleportation {unknown}
Potions
 b - 2 potions of heal wounds {unknown}
 d - 2 potions of mutation {unknown}
 g - 2 potions of degeneration {unknown}
 j - 2 potions of flight {unknown}
 n - a potion of attraction {unknown}
 o - a potion of might {unknown}
 q - a potion of brilliance {unknown}


   Skills:
 - Level 3.6 Fighting
 * Level 10.9 Axes
 - Level 2.4 Armour
 - Level 2.1 Dodging


You had 6 spell levels left.
You didn't know any spells.
Your spell library was empty.

Dungeon Overview and Level Annotations

Branches:
Dungeon (4/15)
 Temple: D:4-7

Altars:
Fedhas
Hepliaklqana
Makhleb

Annotations:
D:4 Sigmund


Innate Abilities, Weirdness & Mutations

You reflexively headbutt those who attack you in melee.
You have a pair of horns on your head.


Message History

You see here 10 stones.
The hound bites you.
* * * LOW HITPOINT WARNING * * *
The hound barely misses you.
A red film seems to cover your vision as you go berserk!
You feel yourself moving faster!
You feel mighty!
The hound stops to sniff the ground.
The hound closely misses you.
You hit the hound.
You kill the hound!
Trog accepts your kill.
You slash the gnoll!
The gnoll is almost dead.
You hit the gnoll.
You kill the gnoll!
Trog accepts your kill.
You hit the gnoll.
The gnoll is heavily wounded.
The gnoll hits you with a +0 falchion!
You die...

#.>...............#
#.......###........
#.......###..###.##
#..................
##.#############..#
#........ .
#.####### #.# #@#
#g# #g# #.########
#.(......#
#........#
#.........
#........#
#........#


You could see 2 gnolls.

Vanquished Creatures
  Pikel (D:2)
  A hound (D:4)
  2 orc priests
  3 orc wizards
  Jessica (D:2)
  2 worker ants (D:4)
  Terence (D:3)
  A gnoll (D:4)
  5 adders
  3 worms
  A dart slug (D:4)
  2 leopard geckos
  9 orcs
  6 giant cockroaches
  3 hobgoblins
  13 kobolds
  3 quokkas
  4 bats
  2 frilled lizards
  5 goblins
  5 rats
73 creatures vanquished.

Notes
Turn   | Place    | Note
-------+----------+-------------------------------------------
     0 | D:1      | Zeld the Minotaur Berserker began the quest for the Orb.
     0 | D:1      | Reached XP level 1. HP: 19/19 MP: 0/0
   338 | D:1      | Reached skill level 4 in Axes
   648 | D:1      | Reached XP level 2. HP: 26/26 MP: 1/1
  1270 | D:2      | Reached skill level 5 in Axes
  1484 | D:2      | Reached XP level 3. HP: 21/31 MP: 2/2
  1919 | D:2      | Found a burning altar of Makhleb.
  2062 | D:2      | Reached ** piety under Trog
  2140 | D:2      | Found a hazy altar of Hepliaklqana.
  2141 | D:2      | Noticed Jessica
  2146 | D:2      | Killed Jessica
  2147 | D:2      | Reached skill level 6 in Axes
  2147 | D:2      | Reached XP level 4. HP: 37/39 MP: 3/3
  2166 | D:2      | Found a blossoming altar of Fedhas.
  2354 | D:2      | HP: 1/39 [poisoned by an adder]
  3536 | D:3      | Reached skill level 7 in Axes
  3536 | D:3      | Reached XP level 5. HP: 22/45 MP: 4/4
  3702 | D:3      | Found a glowing drain.
  4436 | D:3      | Noticed Terence
  4443 | D:3      | Killed Terence
  4671 | D:4      | Reached skill level 8 in Axes
  4713 | D:4      | Reached XP level 6. HP: 44/51 MP: 5/5
  4856 | D:4      | Noticed Pikel
  4858 | D:4      | Noticed Sigmund
  5646 | D:2      | Found a hazy altar of Hepliaklqana.
  5646 | D:2      | Found a blossoming altar of Fedhas.
  5992 | D:2      | HP: 1/51 [Pikel/+1 whip of flaming (2)]
  5995 | D:2      | Killed Pikel
  5996 | D:2      | Reached skill level 10 in Axes
  5996 | D:2      | Reached XP level 7. HP: 2/57 MP: 6/6
  6376 | D:2      | Found a burning altar of Makhleb.
  6602 | D:4      | Slain by a gnoll

Illustrated notes

Levels and vault maps discovered:
D:1:      moated_graveyard_arrival, layout_basic
D:2:      minmay_kobold_bridge, layout_basic, lemuel_coloured_pillars_altar,
          grunt_temple_overflow_open, uniq_jessica
D:3:      layout_loops_ring, gup_sewer_entry_glass, serial_glass,
          glass_columns_a, glass_columns_a, amcnicky_mini_rare_corridor_liquid,
          uniq_terence
D:4:      layout_basic, serial_shops, shop, tso_metal_star, uniq_pikel,
          uniq_sigmund

Skill      XL: |  1  2  3  4  5  6 |
---------------+-------------------+-----
Axes           | 4 5 6 7 8 10 | 10.9
Fighting       | |  3.6
Armour         | |  2.4
Dodging        | |  2.1

Action                   |  1- 3 |  4- 6 |  7- 9 || total
-------------------------+-------+-------+-------++-------
Melee: Hand axe          |    68 |   100 |     9 ||   177
       Headbutt          |    10 |    21 |     3 ||    34
Invok: Berserk           |       |     5 |     1 ||     6
 Stab: Sleeping          |       |     1 |       ||     1
Dodge: Dodged            |    52 |    40 |     9 ||   101
